 Dungeon Crawl Stone Soup version 0.28.0 (webtiles) character file.

Game seed: 12523531380043985587

281 bleachchugger the Chopper (level 6, -2/84 HPs)
             Began as a Minotaur Berserker on Feb 6, 2022.
             Was a Follower of Trog.
             Succumbed to a scorpion's poison
             ... on level 5 of the Dungeon.
             The game lasted 00:05:57 (3916 turns).

bleachchugger the Chopper (Minotaur Berserker)      Turns: 3916, Time: 00:05:58

Health: -2/84      AC:  5    Str: 24    XL:     6   Next: 6%
Magic:  5/5        EV: 11    Int:  4    God:    Trog [*.....]
Gold:   197        SH:  0    Dex:  9    Spells: 5/5 levels left

rFire   . . .      SeeInvis .   a - +0 hand axe
rCold   . . .      Faith    .   (no shield)
rNeg    . . .      Spirit   .   q - +0 ring mail
rPois   .          Reflect  .   (helmet restricted)
rElec   .          Harm     .   (no cloak)
rCorr   .          Rampage  .   (no gloves)
Will    .....                   (no boots)
Stlth   ..........              (no amulet)
HPRegen 0.24/turn               (no ring)
MPRegen 0.09/turn               (no ring)

@: mighty, berserking, lethally poisoned (-2 -> -20), very quick
A: horns 2, retaliatory headbutt
a: Renounce Religion, Berserk


You were on level 5 of the Dungeon.
You worshipped Trog.
Trog was aware of your devotion.
You visited 1 branch of the dungeon, and saw 5 of its levels.

You collected 197 gold pieces.

Inventory:

Hand Weapons
 a - a +0 hand axe (weapon)
Missiles
 l - a throwing net (quivered)
Armour
 m - a +2 helmet
 q - a +0 ring mail (worn)
Jewellery
 p - a ring of fire
Scrolls
 c - 3 scrolls of vulnerability {unknown}
 d - a scroll of noise {unknown}
 e - a scroll of amnesia {unknown}
 f - 7 scrolls of identify {unknown}
 i - a scroll of immolation {unknown}
 k - a scroll of silence {unknown}
 r - a scroll of fear {unknown}
 s - 2 scrolls of magic mapping {unknown}
Potions
 g - a potion of might
 h - a potion of curing {unknown}
 j - a potion of brilliance {unknown}
 n - a potion of heal wounds {unknown}
 o - a potion of attraction {unknown}
 t - a potion of invisibility {unknown}


   Skills:
 + Level 5.1 Fighting
 + Level 6.1 Axes
 + Level 3.6 Armour
 + Level 3.2 Dodging
 - Level 0.2 Stealth


You had 5 spell levels left.
You didn't know any spells.
Your spell library was empty.

Dungeon Overview and Level Annotations

Branches:
Dungeon (4/15)
 Temple: D:4-7

Altars:
Hepliaklqana
Makhleb
Nemelex Xobeh
Qazlal
Sif Muna


Innate Abilities, Weirdness & Mutations

You have a pair of horns on your head.
You reflexively headbutt those who attack you in melee.


Message History

The scorpion is lightly wounded.
The scorpion closely misses you.
You hit the scorpion but do no damage. You headbutt the scorpion!
The scorpion is severely wounded.
The scorpion stings you.
You are poisoned.
The scorpion poisons you!
You barely miss the scorpion.
The scorpion is severely wounded.
You feel very sick. The scorpion closely misses you. The scorpion stings you!
You are lethally poisoned!
The scorpion poisons you!
You closely miss the scorpion.
The scorpion is severely wounded.
* * * LOW HITPOINT WARNING * * *
You feel very sick. The scorpion stings you.
* * * LOW HITPOINT WARNING * * *
You are more poisoned.
The scorpion poisons you!
Okay, then.
It was a potion of might.
You feel very mighty all of a sudden.
* * * LOW HITPOINT WARNING * * *
You feel extremely sick. The scorpion barely misses you.
You furiously retaliate!
You headbutt the scorpion!
You kill the scorpion!
Trog accepts your kill.
Your Axes skill increases to level 6!
You have reached level 6!
It was a potion of berserk rage.
A red film seems to cover your vision as you go berserk!
You feel yourself moving faster!
You feel mighty!
* * * LOW HITPOINT WARNING * * *
You feel very sick.
Unknown command.
You feel a strong urge to attack something.
You die...

....... ....... ....
....... ..... #####
....... .....
#...###....... ......
#...#......... #.....
#...#..†......
#.....##...@.........
#..............###..
#......##......#
#......###.........
###....# #.........
#....# #.....(....
#....# #..........
##.... .....#####.
####. ...#..


There were no monsters in sight!

Vanquished Creatures
  A necrophage (D:5)
  A scorpion (D:5)
  An orc wizard (D:4)
  4 adders
  A shadow imp (D:4)
  An ufetubus (D:3)
  2 worms
  3 dart slugs
  3 orcs (D:4)
  4 endoplasms
  4 giant cockroaches
  9 goblins
  5 hobgoblins
  2 jackals (D:3)
  3 kobolds
  4 quokkas
  A ball python (D:4)
  4 bats
  A frilled lizard (D:3)
54 creatures vanquished.

Notes
Turn   | Place    | Note
-------+----------+-------------------------------------------
     0 | D:1      | bleachchugger the Minotaur Berserker began the quest for
                  | the Orb.
     0 | D:1      | Reached XP level 1. HP: 19/19 MP: 0/0
   250 | D:1      | Reached XP level 2. HP: 27/27 MP: 1/1
   443 | D:1      | Reached skill level 4 in Axes
   548 | D:1      | Found a faded altar of an unknown god.
   768 | D:2      | Reached XP level 3. HP: 33/33 MP: 2/2
   984 | D:2      | Found a stormy altar of Qazlal.
  2125 | D:3      | Found a burning altar of Makhleb.
  2296 | D:3      | Found a shimmering blue altar of Sif Muna.
  2532 | D:3      | Reached XP level 4. HP: 41/41 MP: 3/3
  2921 | D:4      | Reached skill level 5 in Axes
  3203 | D:4      | Found a hazy altar of Hepliaklqana.
  3347 | D:4      | Reached XP level 5. HP: 32/47 MP: 4/4
  3476 | D:4      | Found a sparkling altar of Nemelex Xobeh.
  3847 | D:4      | You fall into a shaft and drop 1 floor!
  3847 | D:5      | Entered Level 5 of the Dungeon
  3852 | D:5      | Noticed a necrophage
  3861 | D:5      | Killed a necrophage
  3862 | D:5      | Reached skill level 5 in Fighting
  3915 | D:5      | Reached skill level 6 in Axes
  3915 | D:5      | Reached XP level 6. HP: 3/56 MP: 5/5
  3915 | D:5      | HP: 1/84 [poisoned by a scorpion]
  3916 | D:5      | Succumbed to a scorpion's poison

Illustrated notes

Levels and vault maps discovered:
D:1:      moated_graveyard_arrival, layout_rooms, serial_rivers,
          chequers_serial_rivers_micro_b, chequers_serial_rivers_micro_d,
          chequers_serial_rivers_room_a, chequers_serial_rivers_room_b,
          dilly_ecumenical_altar_fadedgnrine, fountainhead, minmay_pentomino_o2
D:2:      layout_loops_cross, basic_altar
D:3:      layout_loops_corners, bloody_makhleb, lemuel_blue_sif_altar
D:4:      layout_basic, old_standard_altar, nemelex_altar_shiori
D:5:      layout_basic, nicolae_gozag_seed_capital, uniq_menkaure

Skill      XL: |  1  2  3  4  5 |
---------------+----------------+-----
Fighting       | 4 5 |  5.1
Axes           | 4 5 6 |  6.1
Dodging        | 3 |  3.2
Armour         | 3 |  3.6
Stealth        | |  0.2

Action                   |  1- 3 |  4- 6 || total
-------------------------+-------+-------++-------
Melee: Hand axe          |   106 |    52 ||   158
       Headbutt          |     9 |     8 ||    17
  Use: Potion            |       |     2 ||     2
Armor: Animal skin       |    15 |       ||    15
       Ring mail         |     1 |    16 ||    17
Dodge: Dodged            |    72 |    27 ||    99
